cohdb
Replays
Latest Replays
All Replays
Popular Replays
Top Player Replays
Match Explorer
How It Works
Community
CoH3 Stats
Reddit
Sign in to upload your games and track your stats! →
Sign in with Steam
Match 43069851
Unlisted
Match 43069851
Overview
Messages
Build Orders
End
Panzergrenadier Squad
Kradschützen Motorcycle Team
Panzergrenadier Squad
Construct Light Support Kompanie
2.5-tonne Medical Truck
Panzergrenadier Squad
Fire Support Elements
Flakvierling Half-track
Vehicle Survival Package
Flakvierling Half-track
Selects Panzerjäger Kommand Battlegroup
Selects Mine Fields
Selects Defensive Positions
Selects Butterfly Bomb Drop
Selects Tank Busters
Jarkke
Setti-Veke
Scooby
Deuceses22
0
0
Comments
sign in to comment!
No comments posted yet!